 Dungeon Crawl Stone Soup version 0.19.5 (webtiles) character file.

56 Presbiter the Shooter (level 3, 0/28 HPs)
             Began as a Centaur Arcane Marksman on Apr 14, 2017.
             Succumbed to an adder's poison
             ... on level 1 of the Dungeon on Apr 15, 2017.
             The game lasted 00:29:20 (2812 turns).

Presbiter the Shooter (Centaur Arcane Marksman)     Turns: 2812, Time: 00:29:21

Health: 0/28       AC:  6    Str: 13    XL:     3   Next: 71%
Magic:  4/4        EV:  9    Int: 12    God:
Gold:   59         SH:  2    Dex:  9    Spells: 2 memorised, 1 level left

rFire  . . .     SeeInvis .     t - -2 club (curse)
rCold  . . .     Gourm    .     s - +0 leather armour (curse)
rNeg   + . .     Faith    .     (no shield)
rPois  .         Spirit   .     b - +0 helmet
rElec  .         Reflect  +     i - +0 cloak
rCorr  .         Harm     .     (no gloves)
MR     .....                    (no barding)
Stlth  ..........               l - +2 amulet of reflection
                                (no ring)
                                m - ring of positive energy

@: lethally poisoned (0 -> -5), very quick
A: hooves 3, deformed body, speed 2, tough skin 3
a: no special abilities


You were on level 1 of the Dungeon.
You were not hungry.

You visited 1 branch of the dungeon, and saw 2 of its levels.

You collected 59 gold pieces.

Inventory:

Hand Weapons
 a - a +0 shortbow
 h - a +0 club
 j - a +0 antimagic short sword
 k - a +0 club
 q - a +0 club
 r - a +0 dagger
 t - a cursed -2 club (weapon)
 v - a +0 hand axe
 w - a +0 club
 x - a +0 halberd
 y - a cursed +0 club
 z - a +0 hunting sling
Missiles
 d - 10 arrows
 g - 34 sling bullets
 o - 28 stones (quivered)
Armour
 b - a +0 helmet (worn)
 e - a +0 robe
 i - a +0 cloak (worn)
 n - a +0 leather armour
 p - a +0 ring mail
 s - a cursed +0 leather armour (worn)
Jewellery
 l - a +2 amulet of reflection (around neck)
 m - a ring of positive energy (left hand)
Books
 c - a book of Debilitation

   Spells                             Type                      Level
   a - Corona                         Hexes                        1
   b - Slow                           Hexes                        2
   c - Gell's Gravitas                Hexes/Translocation          3
   d - Inner Flame                    Hexes/Fire                   3
   e - Cause Fear                     Hexes                        4
   f - Leda's Liquefaction            Hexes/Earth                  4
Comestibles
 f - a bread ration
 u - a chunk of flesh


   Skills:
 + Level 1.5 Fighting
 + Level 0.1 Maces & Flails
 + Level 3.9 Bows
 + Level 1.6 Dodging
 + Level 1.1 Spellcasting
 + Level 3.2 Hexes


You had one spell level left.
You knew the following spells:

 Your Spells              Type           Power        Failure   Level  Hunger
a - Corona                Hex            #......      12%         1    ##.....
b - Slow                  Hex            #.......     17%         2    ###....


Dungeon Overview and Level Annotations

Branches:
Dungeon (2/15)

Altars:

Annotations:
D:2 Robin


Innate Abilities, Weirdness & Mutations

You have hooves in place of feet.
Armour fits poorly on your strangely shaped body.
You cover ground very quickly.
You have extremely tough skin. (AC +3)


Message History

The adder bites you.
* * * LOW HITPOINT WARNING * * *
You are lethally poisoned!
The adder poisons you! The adder bites you but does no damage.
The kobold throws a stone.
The stone hits you.
* * * LOW HITPOINT WARNING * * *
* * * LOW HITPOINT WARNING * * *
You feel sick.
* * * LOW HITPOINT WARNING * * *
You feel sick.
You see here a stone.
* * * LOW HITPOINT WARNING * * *
You feel sick.
* * * LOW HITPOINT WARNING * * *
You feel sick.
* * * LOW HITPOINT WARNING * * *
You feel sick.
* * * LOW HITPOINT WARNING * * *
You feel sick.
You die...

## ######### .# ###
#.......# .#### ##.##
#.......# .##.## ##.#.##
#.......####
...#.###.###.###..........#
##
.##........##.##@......##.#
##.
.#######.#.#.###........#.#
##.. .# ##...##
#S......#..####... .# ##.##
#.##...###>....... ## #.#
#.#####.#.#######. #.#
#.#####..## #. #.#
#......((# #. # #.#
########.# ##' ## #.# #.#
##..


You could see an adder.

Vanquished Creatures
  A gnoll (D:1)
  2 dart slugs
  A leopard gecko (D:1)
  2 ball pythons (D:1)
  3 giant cockroaches (D:1)
  5 goblins (D:1)
  6 hobgoblins
  3 jackals (D:2)
  4 bats
  3 frilled lizards (D:2)
  2 kobolds (D:1)
  9 rats
41 creatures vanquished.

Notes
Turn   | Place    | Note
-------+----------+-------------------------------------------
     0 | D:1      | Presbiter the Centaur Arcane Marksman began the quest for the Orb.
     0 | D:1      | Reached XP level 1. HP: 16/16 MP: 2/2
   251 | D:1      | Reached XP level 2. HP: 19/23 MP: 3/3
   435 | D:1      | Learned a level 2 spell: Slow
  1217 | D:1      | Reached XP level 3. HP: 28/28 MP: 4/4
  2179 | D:2      | Noticed Robin
  2809 | D:1      | HP: 1/28 [poisoned by an adder]
  2812 | D:1      | Succumbed to an adder's poison

Skill      XL: |  1 |
---------------+----+-----
Hexes          | 3 |  3.2
Bows           | 3 |  3.9
Fighting       | |  1.5
Maces & Flails | |  0.1
Dodging        | |  1.6
Spellcasting   | |  1.1

Action                   || total
-------------------------++-------
Melee: Club              ||    95
       Kick              ||    17
 Fire: Shortbow          ||    63
Throw: Stone             ||     5
 Cast: Corona            ||     6
       Slow              ||     1
  Use: Scroll            ||     6
       Potion            ||     2
  Eat: Beef jerky        ||     2
       Pizza             ||     1
Armor: Robe              ||    15
       Leather armour    ||    89
Dodge: Dodged            ||   107
Block: Other             ||     5
